AoeStats
← Google

Black Forest

504247528Analyzed
2v2 RM · 29d ago on Sep 4, 2026· 66m 45s· 4 players
Game mode
Random Map
Map size
Medium (4 player)
Population
200
Speed
Normal
Resources
Standard
Victory
Conquest
Starting age
Dark Age
Ending age
Imperial Age
RankedLock teamsTeams togetherTeam positionsShared explorationLock speedFull tech treeHidden civsTurbo modeCheats
Victory
Defeat
🇪🇨 Wei · Ecuador
569
+14
🇨🇱 Mapuche · Chile
521
+16
🇹🇼 Khmer · Taiwan
550
-16
🇷🇴 Chinese · Romania
492
-14
Israelo517
18:39 Feudal Age
19:24 Double-Bit Axe
20:20 Wheelbarrow
19:39 Stone Mining
19:42 Gold Mining
19:37 Horse Collar
22:45 Bloodlines
26:26 Castle Age
28:54 Hand Cart
29:16 Stone Shaft Mining
29:19 Gold Shaft Mining
28:49 Heavy Plow
29:27 Bow Saw
35:03 Imperial Age
34:31 Fortified Wall
34:03 Treadmill Crane
34:45 Ballistics
35:13 Heated Shot
35:19 Murder Holes
36:47 Conscription
35:50 Elite Skirmisher
35:55 Light Cavalry
37:23 Scale Barding Armor
37:29 Forging
37:21 Padded Archer Armor
38:12 Husbandry
38:23 Bloodlines
38:46 Masonry
39:46 Chemistry
39:17 Tuntian
40:48 Leather Archer Armor
40:23 Fletching
41:15 Iron Casting
41:01 Chain Barding Armor
40:42 Scale Mail Armor
42:22 Ring Archer Armor
41:24 Pikeman
42:04 Squires
41:27 Hussar
42:36 Parthian Tactics
43:38 Ming Guang Armor
48:33 Blast Furnace
47:29 Bodkin Arrow
47:52 Chain Mail Armor
47:22 Elite Tiger Cavalry
50:23 Coinage
49:54 Caravan
49:57 Bracer
53:04 Banking
54:04 Halberdier
54:30 Arson
60:08 Loom
64:39 Onager
65:42 Town Watch
66:33 Crop Rotation
67:22 Sanctity
67:38 Theocracy
67:19 Block Printing
Franco Joao G
1:12 Loom
17:35 Feudal Age
29:23 Castle Age
28:45 Stone Mining
29:19 Double-Bit Axe
32:14 Elite Skirmisher
33:51 Gold Mining
35:39 Gold Shaft Mining
35:40 Caravan
36:17 Bow Saw
37:38 Horse Collar
41:42 Imperial Age
39:41 Padded Archer Armor
39:32 Fletching
41:12 Heavy Plow
41:53 Wheelbarrow
41:59 Coinage
42:47 Town Watch
43:14 Bodkin Arrow
43:34 Leather Archer Armor
45:43 Chemistry
47:15 Pikeman
49:23 Ring Archer Armor
49:37 Elite Bolas Rider
51:06 Elite Kona
53:23 Malon
53:28 Butalmapu
53:36 Scale Mail Armor
54:53 Hand Cart
56:57 Ballistics
56:53 Forging
56:59 Chain Mail Armor
56:33 Halberdier
57:05 Arson
60:49 Town Patrol
63:09 Banking
sean
15:25 Feudal Age
19:06 Man-at-Arms
19:56 Gold Mining
23:04 Wheelbarrow
26:04 Castle Age
25:51 Arson
26:22 Forging
28:17 Stone Mining
30:15 Pikeman
30:16 Long Swordsman
33:21 Iron Casting
32:51 Scale Mail Armor
33:44 Double-Bit Axe
38:03 Imperial Age
37:42 Hand Cart
37:13 Town Watch
37:14 Loom
38:17 Gold Shaft Mining
38:17 Stone Shaft Mining
38:26 Elite Ballista Elephant
39:49 Caravan
42:15 Blast Furnace
41:33 Chain Mail Armor
40:43 Two-Handed Swordsman
Google
0:50 Loom
14:37 Feudal Age
15:54 Wheelbarrow
15:06 Double-Bit Axe
15:04 Horse Collar
18:05 Gold Mining
18:16 Stone Mining
21:53 Town Watch
26:14 Bloodlines
26:25 Scale Barding Armor
26:21 Scale Mail Armor
26:21 Padded Archer Armor
26:12 Fletching
26:32 Forging
29:16 Castle Age
30:09 Bow Saw
30:04 Heavy Plow
30:29 Town Patrol
31:34 Hand Cart
32:24 Stone Shaft Mining
32:26 Gold Shaft Mining
32:34 Caravan
32:44 Caravan
37:33 Chain Barding Armor
37:29 Chain Mail Armor
37:29 Leather Archer Armor
37:09 Bodkin Arrow
37:50 Iron Casting
38:41 Husbandry
38:04 Light Cavalry
41:21 Imperial Age
38:58 Great Wall
39:35 Pikeman
40:17 Squires
39:39 Elite Skirmisher
43:03 Two-Man Saw
42:19 Masonry
43:15 Chemistry
42:27 Murder Holes
42:26 Cavalier
42:53 Elite Fire Lancer
42:56 Halberdier
44:17 Plate Barding Armor
49:32 Elite Chu Ko Nu
50:46 Plate Mail Armor
50:47 Ring Archer Armor
53:55 Architecture
59:49 Rocketry
Connection lost

Rejoining the realm…

Still unreachable

The connection could not be restored.

Session expired

The server has moved on; the page needs a fresh start.